 Dungeon Crawl Stone Soup version 0.30-b1-5-g8e6c1be481 (webtiles) character file.

Game seed: 7900877762299720216

30 wingedge the Charlatan (level 2, -1/24 HPs)
             Began as a Demigod Wanderer on May 3, 2023.
             Slain by a river rat (4 damage)
             ... on level 4 of the Dungeon.
             The game lasted 00:06:18 (819 turns).

wingedge the Charlatan (Demigod Wanderer)            Turns: 819, Time: 00:06:19

Health: -1/24      AC:  5    Str: 11    XL:     2   Next: 84%
Magic:  4/4        EV: 12    Int: 11    God:
Gold:   241        SH:  0    Dex: 18    Spells: 1/1 levels left

rFire   + . .        a - +0 sling
rCold   + . .        (no shield)
rNeg    . . .        b - +2 leather armour
rPois   +            (no helmet)
rElec   +            (no cloak)
rCorr   +            (no gloves)
SInv    .            (no boots)
Will    .....        (no amulet)
Stlth   ++           (no ring)
HPRegen 0.24/turn    (no ring)
MPRegen 0.09/turn

%: no passive effects
@: mighty, resistant, attractive
A: high MP 1, forlorn, divine attributes
a: no special abilities


You were on level 4 of the Dungeon.
You visited 1 branch of the dungeon, and saw 3 of its levels.

You collected 241 gold pieces.

Inventory:

Hand Weapons
 a - a +0 sling (weapon)
 h - a +0 spear
 l - a +0 hand axe
Armour
 b - a +2 leather armour (worn)
 k - an orb of wrath
Scrolls
 c - 2 scrolls of fog
 d - 3 scrolls of teleportation
 i - a scroll of acquirement {unknown}
 j - a scroll of blinking {unknown}
 p - a scroll of identify {unknown}
Potions
 f - a potion of attraction
 m - a potion of mutation {unknown}
 n - a potion of curing {unknown}
 o - a potion of invisibility {unknown}
 q - a potion of haste {unknown}
 r - a potion of brilliance {unknown}


   Skills:
 - Level 2.0 Fighting
 + Level 2.6 Ranged Weapons
 - Level 2.6 Dodging
 - Level 1.0 Stealth
 - Level 2.6 Evocations


You had one spell level left.
You didn't know any spells.
Your spell library contained the following spells:

 Spells                   Type           Power      Damage    Failure   Level
 Ozocubu's Armour         Ice            0%         N/A       80%         3
 Ozocubu's Refrigeration  Ice            0%         4d7       100%        7


Dungeon Overview and Level Annotations

Branches:
Dungeon (2/15)


Innate Abilities, Weirdness & Mutations

You have an increased reservoir of magic. (+10% MP)
You shall have no god before yourself.
Your divine heritage dramatically boosts your attributes as you level up.


Message History

The river rat is moderately wounded.
The river rat bites you.
You shoot a sling bullet. The sling bullet hits the river rat.
The river rat is moderately wounded.
The river rat bites you but does no damage.
The river rat bites you!
It was a potion of attraction.
You feel attractive to monsters. The river rat bites you.
* * * LOW HITPOINT WARNING * * *
It was a potion of resistance.
You feel protected. The river rat barely misses you.
It was a potion of might.
You feel very mighty all of a sudden.
The river rat bites you but does no damage.
Fire: a) +0 sling
Press: ? - help, Q - select action Shift-Dir - straight line, f/p - river rat
Aim: a river rat (moderately wounded, 57% to hit)
You shoot a sling bullet.
The sling bullet closely misses the river rat.
The sling bullet completely misses the rat.
The river rat bites you.
* * * LOW HITPOINT WARNING * * *
Fire: a) +0 sling
Press: ? - help, Q - select action Shift-Dir - straight line, f/p - river rat
Aim: a river rat (moderately wounded, 57% to hit)
You shoot a sling bullet. The sling bullet hits the river rat.
The river rat is heavily wounded.
The river rat bites you.
* * * LOW HITPOINT WARNING * * *
Fire: a) +0 sling
Press: ? - help, Q - select action Shift-Dir - straight line, f/p - river rat
Aim: a river rat (heavily wounded, 57% to hit)
You shoot a sling bullet.
The sling bullet closely misses the river rat.
The sling bullet hits the rat.
The rat is moderately wounded.
The river rat bites you.
You die...

##### #####...######
###.....#...@rr#####
#...##########.....#
#.### #####.# #.#
~r~r....# ## #.#
~~####### .####.###
..#.....# #.......#
###[....#


You could see a river rat and a rat.

Vanquished Creatures
  An adder (D:2)
  2 bats
  3 endoplasms (D:1)
  A giant cockroach (D:1)
  3 goblins
  4 hobgoblins (D:1)
  2 ball pythons
  2 frilled lizards (D:1)
18 creatures vanquished.

Vanquished Creatures (others)
  5 toadstools (D:2)
5 creatures vanquished.

Grand Total: 23 creatures vanquished

Notes
Turn   | Place    | Note
-------+----------+-------------------------------------------
     0 | D:1      | wingedge the Demigod Wanderer began the quest for the Orb.
     0 | D:1      | wingedge set off with the following items: a +0 sling, a +2
                  | leather armour, a scroll of fog, a scroll of teleportation.
     0 | D:1      | Reached XP level 1. HP: 17/17 MP: 3/3
   154 | D:1      | Reached XP level 2. HP: 24/24 MP: 4/4
   728 | D:2      | You fall into a shaft and drop 2 floors!
   819 | D:4      | Slain by a river rat

Illustrated notes

Levels and vault maps discovered:
D:1:      wander_arrival_estate, layout_rooms,
          hellmonk_ecumenical_altar_crossroads
D:2:      layout_basic, st_stairs_6, minivault_19, minmay_gold_behind_fungi
D:4:      layout_rooms, good_gods_temple_1, gup_sewer_entry_bubbles,
          minmay_statues_item, uniq_eustachio, uniq_sigmund

Skill      XL: |  1  2 |
---------------+-------+-----
Fighting       | 2 |  2.0
Ranged Weapons | 2 |  2.6
Dodging        | |  2.6
Stealth        | |  1.0
Evocations     | |  2.6

Action                     || total
---------------------------++-------
   Fire: Sling             ||    67
    Use: Potion            ||     3
 Armour: Leather armour    ||     4
  Dodge: Dodged            ||    17
